 Dungeon Crawl Stone Soup version 0.20.1-1-g8b1a95d (webtiles) character file.

89 TheGuigne the Bolt Thrower (level 4, 0/39 HPs)
             Began as a Deep Dwarf Hunter on Aug 21, 2017.
             Slain by a gnoll
             ... wielding a +2 antimagic spear
              (5 damage)
             ... on level 2 of the Dungeon.
             The game lasted 00:03:28 (702 turns).

TheGuigne the Bolt Thrower (Deep Dwarf Hunter)       Turns: 702, Time: 00:03:29

Health: 0/39       AC:  3    Str: 17    XL:     4   Next: 31%
Magic:  0/3        EV: 12    Int: 11    God:
Gold:   60         SH:  0    Dex: 13    Spells: 3/3 levels left

rFire    . . .     SeeInvis .   b - +0 short sword
rCold    . . .     Gourm    .   (no shield)
rNeg     . . .     Faith    .   c - +0 leather armour
rPois    .         Spirit   .   (no helmet)
rElec    .         Reflect  .   (no cloak)
rCorr    .         Harm     .   (no gloves)
MR       .....                  (no boots)
Stlth    +.........             l - amulet of magic regeneration
Regen    0.0/turn               (no ring)
MPRegen  0.2/turn               (no ring)

@: non-regenerating
A: damage resistance, heal wounds, sense surroundings 1, no regeneration
a: Heal Wounds


You were on level 2 of the Dungeon.
You were not hungry.

You visited 1 branch of the dungeon, and saw 2 of its levels.

You collected 60 gold pieces.

Inventory:

Hand Weapons
 a - a +1 hand crossbow
 b - a +0 short sword (weapon)
Missiles
 d - 9 bolts
 o - 29 arrows
Armour
 c - a +0 leather armour (worn)
Jewellery
 l - an amulet of magic regeneration (around neck)
Scrolls
 h - a scroll of teleportation {unknown}
 j - a scroll of fear {unknown}
 k - 3 scrolls of remove curse {unknown}
 m - 2 scrolls of identify {unknown}
 n - 2 scrolls of random uselessness {unknown}
Potions
 e - a potion of lignification {unknown}
 i - 2 potions of curing {unknown}
Comestibles
 f - a bread ration
 g - 9 chunks of flesh


   Skills:
 - Level 1.7 Fighting
 + Level 6.4 Crossbows
 - Level 2.1 Dodging
 - Level 1.2 Stealth


You had 3 spell levels left.
You didn't know any spells.

Dungeon Overview and Level Annotations

Branches:
Dungeon (2/15)

Altars:


Innate Abilities, Weirdness & Mutations

You are resistant to damage.
You can heal yourself by infusing magical energy.
You passively map a small area around you.
You do not regenerate.


Message History

The gnoll hits you from afar with a spear.
* * * LOW HITPOINT WARNING * * *
The gnoll closely misses you.
Okay, then.
Your magical essence is drained by the effort!
You feel much better.
The gnoll hits you from afar with an antimagic spear.
The gnoll hits you from afar with a spear.
The gnoll hits you from afar with a spear!
The gnoll barely misses you.
You closely miss the gnoll.
The gnoll hits you from afar with an antimagic spear.
The gnoll hits you from afar with a spear.
The gnoll hits you from afar with a spear!
* * * LOW HITPOINT WARNING * * *
The gnoll hits you with a club.
* * * LOW HITPOINT WARNING * * *
You fail to use your ability.
The gnoll hits you from afar with an antimagic spear!
You die...

,................
#..................
#..>...............
#............###### #
#..(.............##.*#
#..........#..........
#.>........#..##.##.##
#..........+..........
#....@.....#...#.#...#
###..†g.######.......#
#.ggg...............
##....#######..##.##
#....# ......# *
**,+..(.# #.##..# ,
#...## #.##..# , ,*
#...# ######..#..# **,
#...# #..........#


You could see 4 gnolls.

Vanquished Creatures
  4 gnolls (D:2)
  An ooze (D:1)
  A worm (D:2)
  3 dart slugs
  A leopard gecko (D:2)
  A ball python (D:1)
  2 bats (D:1)
  3 giant cockroaches
  3 goblins
  4 hobgoblins
  4 jackals (D:2)
  5 frilled lizards
  3 kobolds
  2 rats (D:1)
37 creatures vanquished.

Notes
Turn   | Place    | Note
-------+----------+-------------------------------------------
     0 | D:1      | TheGuigne the Deep Dwarf Hunter began the quest for the Orb.
     0 | D:1      | Reached XP level 1. HP: 19/19 MP: 1/1
    30 | D:1      | Reached XP level 2. HP: 26/26 MP: 2/2
    33 | D:1      | Reached skill level 5 in Crossbows
   459 | D:2      | Reached XP level 3. HP: 32/32 MP: 3/3
   469 | D:2      | Reached skill level 6 in Crossbows
   474 | D:2      | Reached XP level 4. HP: 34/39 MP: 4/4
   702 | D:2      | Slain by a gnoll

Skill      XL: |  1  2  3 |
---------------+----------+-----
Crossbows      | 5 6 |  6.4
Fighting       | |  1.7
Dodging        | |  2.1
Stealth        | |  1.2

Action                   |  1- 3 |  4- 6 || total
-------------------------+-------+-------++-------
Melee: Short sword       |       |    19 ||    19
 Fire: Hand crossbow     |    35 |    18 ||    53
 Abil: Heal Wounds       |       |     1 ||     1
Armor: Leather armour    |     1 |     8 ||     9
Dodge: Dodged            |     3 |    28 ||    31
